 Dungeon Crawl Stone Soup version 0.29.1-4-g47bece8355 (webtiles) character file.

Game seed: 4153624938342737702

927 hawla the Frost Mage (level 8, -3/58 HPs)
             Began as a Meteoran Ice Elementalist on Dec 10, 2022.
             Was a Follower of Vehumet.
             Shot with an arrow by a centaur (14 damage)
             ... on level 6 of the Dungeon.
             The game lasted 00:08:30 (1557 turns).

hawla the Frost Mage (Meteoran Ice Elementalist)    Turns: 1557, Time: 00:08:30

Health: -3/58      AC:  3    Str:  9    XL:     8   Next: 58%
Magic:  2/15       EV: 13    Int: 20    God:    Vehumet [*.....]
Gold:   46         SH:  0    Dex: 14    Spells: 7/15 levels left

rFire   x . .      SeeInvis +   h - +0 flail (protect)
rCold   . . .      Faith    .   (no shield)
rNeg    + . .      Spirit   .   a - +0 robe
rPois   +          Reflect  .   (no helmet)
rElec   .          Harm     .   (no cloak)
rCorr   .          Rampage  .   n - +0 pair of gloves
Will    +....                   (no boots)
Stlth   +.........              (no amulet)
HPRegen 0.19/turn               g - ring of flight
MPRegen 0.14/turn               e - ring "Anod Vei" {rPois rF- rN+ SInv}

@: freezing walls, flying, glowing, invisible (but backlit and visible)
A: sense surroundings 1, otherworldly, glowing, explore regen, hooves 1, noise
suppression
a: Renounce Religion


You were on level 6 of the Dungeon.
You worshipped Vehumet.
Vehumet was aware of your devotion.
You visited 2 branches of the dungeon, and saw 7 of its levels.

You collected 46 gold pieces.

Inventory:

Hand Weapons
 h - a +0 flail of protection (weapon)
 j - the +7 dagger of False Accusations {vorpal, *Slow rCorr Dex+2}
   (You found it on level 5 of the Dungeon)

   It inflicts extra damage upon your enemies.
   Dex:       It affects your dexterity (+2).
   rCorr:     It protects you from acid and corrosion.
   *Slow:     It may slow you when you take damage.
Armour
 a - a +0 robe (worn)
 n - a +0 pair of gloves (worn)
Jewellery
 e - the ring "Anod Vei" (right hand) {rPois rF- rN+ SInv}
   (You found it on level 3 of the Dungeon)

   [ring of poison resistance]

   rF:        It makes you vulnerable to fire.
   rPois:     It protects you from poison.
   rN:        It protects you from negative energy.
   SInv:      It lets you see invisible.
 g - a ring of flight (left hand)
Wands
 f - a wand of polymorph (4)
Scrolls
 l - a scroll of immolation {unknown}
Potions
 i - a potion of curing {unknown}
 k - a potion of attraction {unknown}
 m - a potion of invisibility


   Skills:
 + Level 0.9 Fighting
 + Level 1.0 Maces & Flails
 + Level 3.1 Dodging
 - Level 1.4 Stealth
 + Level 4.3 Spellcasting
 + Level 1.8 Conjurations
 + Level 9.8 Ice Magic


You had 7 spell levels left.
You knew the following spells:

 Your Spells              Type           Power      Damage    Failure   Level
a - Freeze                Ice            100%       1d11      1%          1
b - Frozen Ramparts       Ice            86%        1d13      1%          3
c - Hailstorm             Conj/Ice       27%        3d7       11%         4

Your spell library contained the following spells:

 Spells                   Type           Power      Damage    Failure   Level
 Shock                    Conj/Air       28%        1d4       9%          1
 Ozocubu's Armour         Ice            43%        N/A       1%          3
 Airstrike                Air            2%         2d(1-17)  77%         4
 Summon Lightning Spire   Summ/Air       4%         N/A       77%         4
 Lightning Bolt           Conj/Air       3%         1d15      94%         5


Dungeon Overview and Level Annotations

Branches:
Dungeon (6/15) Zot: 2047   Temple (1/1) D:4 Zot: 577

Altars:
Ashenzari
Gozag
Hepliaklqana
Sif Muna
Trog
Vehumet
Yredelemnul


Innate Abilities, Weirdness & Mutations

You passively map a small area around you.
You are easily found by Zot.
You glow in the dark.
You regain HP and MP as you explore.
You have large cloven feet.
You passively dampen the noise of your surroundings.


Message History

The centaur wields a +0 shortbow.
The centaur shoots an arrow.
The arrow hits you but does no damage.
You hit the jelly.
Your hands burn!
You kick the jelly.
The jelly is moderately wounded.
The centaur shoots an arrow.
The arrow barely misses you. The jelly completely misses you.
The white imp hits you but does no damage.
The centaur shoots an arrow.
The arrow hits you.
You hit the jelly.
Your hands burn!
You kick the jelly.
The jelly is severely wounded.
The centaur shoots an arrow.
The arrow hits you. The jelly hits you.
You are splashed with acid!
* * * LOW HITPOINT WARNING * * *
The white imp misses you.
The centaur shoots an arrow.
The arrow hits you but does no damage. The white imp gestures at you.
The puff of frost misses you. The jelly misses you.
The white imp hits you but does no damage.
Your hearing returns.
It was a potion of invisibility.
You become transparent, but the glow from your body prevents you from becoming completely invisible.
The jelly hits you but does no damage. The white imp misses you.
Casting: Hailstorm (dangerous; 12% risk of failure)
Confirm with . or Enter, or press ? or * to list all spells.
Casting: Frozen Ramparts (safe; 1% risk of failure)
Press: ? - help, Dir - look around, f - activate The walls around you are covered in ice.
The wall freezes the jelly!
You kill the jelly!
Vehumet accepts your kill.
Aiming: Polymorph
Press: ? - help, Shift-Dir - straight line, f - white imp
Aim: a white imp (severely wounded, will become a crimson imp, chance to affect: 57%)
The white imp resists with significant effort.
The wall freezes the centaur.
The centaur shoots an arrow.
The arrow hits you.
* * * LOW HITPOINT WARNING * * *
The wall freezes the centaur.
The centaur shoots an arrow.
The arrow closely misses you.
The wall freezes the centaur.
The centaur shoots an arrow.
The arrow hits you!
You die...

....,.## * , .... ..### * , ##
....., ...., #*,...###
....!###.., , .. ....#
.........### *,_.# ###...#
#.........5##, .#,.##.....#
#..........c.## .#..##...##.##
#..........#..##...+#.....#...
#..........##@.## ##..#....##.
##......)...##...###...####.>..
*,.(.!........####..#..###
#.... # #........## #..#.##
#....
..###...<.(..#####....#####
#####
................##)..#....# #
#.###.........#.<.#..#....#
....#..§......###.........#
###.#$..§...<.# #.........#


You could see a centaur and a white imp.

Vanquished Creatures
  A black bear (D:5)
  A sky beast (D:6)
  An ogre (D:6)
  A centaur (D:6)
  A phantom (D:6)
  A necrophage (D:5)
  2 scorpions (D:5)
  A hound (D:4)
  4 jellies (D:6)
  A gnoll bouda (D:4)
  An iguana (D:4)
  5 gnolls
  4 adders
  A dart slug (D:2)
  6 orcs
  2 bats
  3 goblins
  4 hobgoblins
  2 jackals (D:2)
  A kobold (D:4)
  2 quokkas
  3 ball pythons (D:4)
  2 frilled lizards
  A rat (D:2)
51 creatures vanquished.

Vanquished Creatures (others)
  3 toadstools (D:5)
3 creatures vanquished.

Grand Total: 54 creatures vanquished

Notes
Turn   | Place    | Note
-------+----------+-------------------------------------------
     0 | D:1      | hawla the Meteoran Ice Elementalist began the quest for the
                  | Orb.
     0 | D:1      | Reached XP level 1. HP: 14/14 MP: 5/5
    73 | D:2      | Reached XP level 2. HP: 19/20 MP: 3/6
   137 | D:3      | Identified the ring "Anod Vei" {rPois rF- rN+ SInv}
   248 | D:3      | Reached skill level 5 in Ice Magic
   274 | D:4      | Noticed a hound
   278 | D:4      | Killed a hound
   279 | D:4      | Reached XP level 3. HP: 22/26 MP: 4/8
   279 | D:4      | Reached XP level 4. HP: 28/33 MP: 5/10
   283 | D:4      | Learned a level 3 spell: Frozen Ramparts
   379 | D:4      | Reached XP level 5. HP: 38/38 MP: 4/11
   481 | D:4      | Found a staircase to the Ecumenical Temple.
   506 | Temple   | Entered the Ecumenical Temple
   518 | Temple   | Became a worshipper of Vehumet
   535 | D:4      | Learned a level 4 spell: Hailstorm
   554 | D:4      | Reached skill level 6 in Ice Magic
   572 | D:4      | Found a bloodstained altar of Trog.
   679 | D:4      | Found a hazy altar of Hepliaklqana.
   865 | D:5      | Entered Level 5 of the Dungeon
  1016 | D:4      | Reached XP level 6. HP: 16/45 MP: 7/12
  1155 | D:5      | Reached skill level 7 in Ice Magic
  1179 | D:5      | Noticed a black bear
  1183 | D:5      | Killed a black bear
  1184 | D:5      | Reached XP level 7. HP: 45/50 MP: 8/13
  1223 | D:5      | Identified the +7 dagger of False Accusations {vorpal,
                  | *Slow rCorr Dex+2}
  1276 | D:5      | Reached skill level 1 in Conjurations
  1276 | D:5      | Reached skill level 8 in Ice Magic
  1396 | D:6      | Reached * piety under Vehumet
  1396 | D:6      | Offered knowledge of Shock by Vehumet.
  1397 | D:6      | Reached skill level 9 in Ice Magic
  1397 | D:6      | Reached XP level 8. HP: 43/57 MP: 7/14
  1535 | D:6      | Reached skill level 1 in Maces & Flails
  1535 | D:6      | Gained mutation: You have large cloven feet. [potion of
                  | mutation]
  1535 | D:6      | Gained mutation: You passively dampen the noise of your
                  | surroundings. [potion of mutation]
  1557 | D:6      | Shot with an arrow by a centaur

Illustrated notes

Levels and vault maps discovered:
D:1:      dpeg_arrival_rhombus, layout_basic
D:2:      layout_basic, shapermc_ecumenical_altar_petra,
          nicolae_figureground_sparkle, uniq_terence
D:3:      layout_basic
D:4:      layout_loops_ring, lemuel_coloured_pillars_altar,
          nicolae_overflow_crystal_walls, minmay_temple_entry_waves,
          minmay_misc_feat_encased, nrook_mini_vaults
D:5:      layout_loops_corners, nicolae_wu_jian_glorious_leap,
          mainiacjoe_overflow_paths, minmay_gold_behind_fungi
D:6:      layout_rooms, kiku_gazebo_pond_becter, tso_metal_star,
          minmay_checkerbox
Temple:   nicolae_temple_god_jail

Skill      XL: |  1  2  3  4  5  6  7  8 |
---------------+-------------------------+-----
Ice Magic      | 5 6 7 9 |  9.8
Spellcasting   | 3 4 |  4.3
Conjurations   | 1 |  1.8
Dodging        | 3 |  3.1
Maces & Flails | 1 |  1.0
Fighting       | |  0.9
Stealth        | |  1.4

Action                   |  1- 3 |  4- 6 |  7- 9 || total
-------------------------+-------+-------+-------++-------
Melee: Unarmed           |    11 |       |       ||    11
       Flail             |       |    10 |    36 ||    46
       Kick              |       |       |     3 ||     3
       Punch             |       |       |     1 ||     1
 Cast: Freeze            |    18 |    12 |     4 ||    34
       Frozen Ramparts   |       |    16 |     9 ||    25
       Hailstorm         |       |     4 |     6 ||    10
Evoke: Wand              |       |       |     1 ||     1
  Use: Scroll            |     2 |     1 |     1 ||     4
       Potion            |       |     1 |     4 ||     5
Armor: Robe              |     4 |     5 |    27 ||    36
Dodge: Dodged            |    12 |    10 |    36 ||    58
